[ AOE2 MATCH · #484534757 ]
UnrankedBurgundians vs Italians
[ REPLAY ANALYSIS · EXTRACTED FROM THE RECORDED GAME ]
Feudal
11:36
Castle
17:31
Imperial
46:32
| APM avg | 44.2 |
| APM peak | 145 |
| eAPM avg | 28.2 |
| Villagers / military | 163 / 225 |
Focus
⚔️ 39.3% · 🌾 60.7%
Spearman ×203 · Trade Cart ×35 · Skirmisher ×13 · Fishing Ship ×10 · Coustillier ×7 · Monk ×1
Feudal
11:47
Castle
15:27
Imperial
30:51
| APM avg | 69.2 |
| APM peak | 142 |
| eAPM avg | 44.5 |
| Villagers / military | 134 / 459 |
Focus
⚔️ 50.8% · 🌾 49.2%
Spearman ×267 · Longbowman ×87 · Militia ×80 · Trade Cart ×52 · Fishing Ship ×26 · Trebuchet (Packed) ×14
Feudal
9:19
Castle
21:12
Imperial
25:49
| APM avg | 56.1 |
| APM peak | 84 |
| eAPM avg | 31.0 |
| Villagers / military | 230 / 177 |
Focus
⚔️ 42.6% · 🌾 57.4%
Hand Cannoneer ×117 · Trade Cart ×71 · Bombard Cannon ×40 · Archer ×9 · Cavalry Archer ×6 · Militia ×5
Feudal
11:37
Castle
17:37
Imperial
23:27
| APM avg | 76.3 |
| APM peak | 137 |
| eAPM avg | 44.7 |
| Villagers / military | 104 / 182 |
Focus
⚔️ 71.2% · 🌾 28.8%
Genoese Crossbowman ×135 · Trade Cart ×51 · Fishing Ship ×38 · Bombard Cannon ×27 · Galley ×9 · Trebuchet (Packed) ×6
Feudal
11:50
Castle
18:42
Imperial
39:15
| APM avg | 54.7 |
| APM peak | 85 |
| eAPM avg | 36.9 |
| Villagers / military | 119 / 110 |
Focus
⚔️ 49.5% · 🌾 50.5%
Unknown (1974) ×182 · Skirmisher ×82 · Trade Cart ×45 · Fishing Ship ×30 · Unknown (882) ×29 · Monk ×16
Feudal
11:25
Castle
15:53
Imperial
33:45
| APM avg | 83.2 |
| APM peak | 133 |
| eAPM avg | 51.4 |
| Villagers / military | 191 / 408 |
Focus
⚔️ 34.6% · 🌾 65.4%
Scout Cavalry ×155 · Knight ×136 · Hand Cannoneer ×59 · Trade Cart ×57 · Skirmisher ×50 · Trebuchet (Packed) ×3
Feudal
10:59
Castle
14:55
Imperial
34:11
| APM avg | 51.0 |
| APM peak | 144 |
| eAPM avg | 33.9 |
| Villagers / military | 188 / 211 |
Focus
⚔️ 43.8% · 🌾 56.2%
Knight ×163 · Trade Cart ×94 · Cataphract ×22 · Monk ×14 · Mangonel ×6 · Trebuchet (Packed) ×3
Feudal
10:56
Castle
14:37
Imperial
28:10
| APM avg | 55.9 |
| APM peak | 97 |
| eAPM avg | 33.7 |
| Villagers / military | 149 / 179 |
Focus
⚔️ 31.4% · 🌾 68.6%
Mangudai ×104 · Trade Cart ×64 · Mangonel ×46 · Battering Ram ×22 · Trebuchet (Packed) ×7
Match map
Initial resources + every placement click. Lines = walls · curves = elevation contours. ◆ gold · ⬟ stone · ● berries · ✦ relic · ◌ wall gap
Your base· ✓ Closed at 17:31 · 23t walls · no gate
danger_noodle42's base· ✓ Closed at 15:27 · 9t walls · no gate
OS+ | NeoZz's base· ✓ Closed at 21:12 · 45t walls · 2 gate(s)
Oni.JorDan_AoE's base· ✓ Closed at 17:37 · 30t walls · no gate
El Kronotatabautizador Final's base· ✓ Closed at 18:42 · 30t walls · no gate
TheZero's base· ✓ Closed at 15:53 · 69t walls · no gate
STORM | Noszombie's base· ✓ Closed at 14:55 · 7t walls · 1 gate(s)
Chrisybooo's base· ✓ Closed at 14:37 · 12t walls · no gate
Smoothed initial terrain · ◌ = detected wall gap · hover for details
Inputs per minute
— I_love_huns - - danger_noodle42
Build order — I_love_huns
First 150 of 738 actions detected
| 0:01 | Create | Villager (Male) |
| 0:01 | Create | Villager (Male) |
| 0:01 | Create | Villager (Male) |
| 0:02 | Create | Villager (Male) |
| 0:03 | Build | House |
| 0:04 | Build | House |
| 1:05 | Research | Loom |
| 1:24 | Create | Villager (Male) |
| 1:24 | Create | Villager (Male) |
| 1:34 | Build | Palisade Wall |
| 1:56 | Build | Palisade Wall |
| 2:01 | Build | Palisade Wall |
| 2:01 | Create | Villager (Male) |
| 2:26 | Create | Villager (Male) |
| 2:43 | Build | Lumber Camp |
| 2:49 | Build | Lumber Camp |
| 2:52 | Create | Villager (Male) |
| 3:18 | Create | Villager (Male) |
| 3:18 | Create | Villager (Male) |
| 3:31 | Create | Villager (Male) |
| 4:04 | Create | Villager (Male) |
| 4:16 | Build | House |
| 4:20 | Create | Villager (Male) |
| 4:32 | Create | Villager (Male) |
| 5:03 | Create | Villager (Male) |
| 5:12 | Create | Villager (Male) |
| 5:31 | Create | Villager (Male) |
| 5:36 | Build | House |
| 5:55 | Create | Villager (Male) |
| 6:16 | Build | Dock |
| 6:38 | Create | Villager (Male) |
| 6:41 | Research | Double-Bit Axe |
| 6:43 | Create | Villager (Male) |
| 7:17 | Create | Fishing Ship |
| 7:22 | Create | Villager (Male) |
| 7:33 | Create | Villager (Male) |
| 7:53 | Create | Villager (Male) |
| 7:59 | Create | Fishing Ship |
| 8:04 | Build | House |
| 8:09 | Create | Villager (Male) |
| 9:01 | Build | Lumber Camp |
| 9:08 | Create | Fishing Ship |
| 9:26 | Research | Feudal Age |
| 9:44 | Create | Fishing Ship |
| 10:05 | Build | Mill |
| 10:21 | Create | Villager (Male) |
| 10:26 | Create | Villager (Male) |
| 10:36 | Build | House |
| 10:48 | Build | Mining Camp |
| 10:57 | Create | Fishing Ship |
| 11:01 | Create | Fishing Ship |
| 11:36 | Age | Feudal Age |
| 11:42 | Research | Bow Saw |
| 11:45 | Research | Tech 906 |
| 11:55 | Create | Villager (Male) |
| 12:05 | Build | Stone Wall |
| 12:06 | Build | Stone Wall |
| 12:08 | Build | Stone Wall |
| 12:10 | Create | Villager (Male) |
| 12:19 | Create | Villager (Male) |
| 12:28 | Research | Gold Mining |
| 12:32 | Build | Market |
| 12:39 | Create | Villager (Male) |
| 12:42 | Create | Fishing Ship |
| 12:56 | Build | House |
| 13:00 | Research | Town Watch |
| 13:08 | Build | Outpost |
| 13:14 | Create | Villager (Male) |
| 13:27 | Build | Blacksmith |
| 13:29 | Create | Villager (Male) |
| 13:48 | Create | Fishing Ship |
| 14:04 | Build | Stone Wall |
| 14:14 | Create | Villager (Male) |
| 14:18 | Create | Fishing Ship |
| 14:22 | Build | House |
| 14:36 | Build | Mining Camp |
| 14:41 | Create | Villager (Male) |
| 14:51 | Research | Castle Age |
| 15:03 | Build | House |
| 15:04 | Build | House |
| 15:10 | Research | Gold Shaft Mining |
| 15:15 | Research | Gillnets |
| 15:44 | Create | Fishing Ship |
| 16:12 | Build | Fish Trap |
| 16:15 | Build | Fish Trap |
| 16:22 | Build | Fish Trap |
| 16:29 | Create | Villager (Male) |
| 16:39 | Build | Stone Wall |
| 16:43 | Build | Fish Trap |
| 16:51 | Research | Stone Mining |
| 17:23 | Build | Watch Tower |
| 17:25 | Research | Fletching |
| 17:30 | Create | Villager (Male) |
| 17:31 | Age | Castle Age |
| 17:35 | Build | University |
| 17:39 | Create | Villager (Male) |
| 17:56 | Create | Villager (Male) |
| 18:00 | Create | Villager (Male) |
| 18:14 | Build | Watch Tower |
| 18:19 | Research | Guard Tower (upgrade) |
| 18:41 | Build | Watch Tower |
| 18:49 | Create | Villager (Male) |
| 18:49 | Create | Villager (Male) |
| 18:54 | Create | Villager (Male) |
| 19:00 | Build | Stone Wall |
| 19:07 | Create | Villager (Male) |
| 19:19 | Build | Watch Tower |
| 19:20 | Research | Bodkin Arrow |
| 19:32 | Build | Stone Wall |
| 19:50 | Create | Villager (Male) |
| 19:51 | Create | Villager (Male) |
| 19:58 | Build | Stone Wall |
| 20:00 | Build | Siege Workshop |
| 20:25 | Create | Villager (Male) |
| 20:44 | Create | Mangonel |
| 20:58 | Build | Watch Tower |
| 21:12 | Create | Villager (Male) |
| 21:13 | Create | Villager (Male) |
| 21:36 | Build | Lumber Camp |
| 21:46 | Create | Villager (Male) |
| 22:03 | Create | Villager (Male) |
| 22:28 | Research | Wheelbarrow |
| 23:02 | Build | Stone Wall |
| 23:05 | Build | Fish Trap |
| 23:12 | Create | Villager (Male) |
| 23:26 | Build | Castle |
| 23:53 | Build | Castle |
| 24:00 | Build | Stone Wall |
| 24:05 | Create | Villager (Male) |
| 24:05 | Create | Villager (Male) |
| 24:08 | Build | House |
| 24:22 | Build | Stone Wall |
| 24:34 | Research | Fortified Wall (upgrade) |
| 24:40 | Build | Stone Wall |
| 24:44 | Build | Stone Wall |
| 24:56 | Build | Stone Wall |
| 25:05 | Build | Stone Wall |
| 25:07 | Build | Stone Wall |
| 25:08 | Create | Villager (Male) |
| 25:18 | Build | Lumber Camp |
| 25:25 | Build | Stone Wall |
| 25:27 | Build | Stone Wall |
| 25:35 | Build | Fish Trap |
| 25:41 | Build | Stone Wall |
| 25:47 | Build | Stone Wall |
| 25:50 | Build | Stone Wall |
| 25:53 | Build | Stone Wall |
| 25:55 | Build | Stone Wall |
| 25:58 | Build | Stone Wall |
| 26:00 | Build | Stone Wall |
Build order — danger_noodle42
First 150 of 903 actions detected
| 0:00 | Create | Villager (Male) |
| 0:02 | Build | House |
| 0:03 | Build | House |
| 0:20 | Create | Villager (Male) |
| 0:21 | Create | Villager (Male) |
| 0:21 | Create | Villager (Male) |
| 0:21 | Create | Villager (Male) |
| 1:17 | Create | Villager (Male) |
| 1:41 | Create | Villager (Male) |
| 1:53 | Build | Lumber Camp |
| 2:07 | Create | Villager (Male) |
| 2:43 | Create | Villager (Male) |
| 2:46 | Create | Villager (Male) |
| 2:46 | Create | Villager (Male) |
| 3:21 | Create | Villager (Male) |
| 3:48 | Create | Villager (Male) |
| 3:52 | Build | House |
| 4:09 | Create | Villager (Male) |
| 4:45 | Build | Dock |
| 5:00 | Create | Villager (Male) |
| 5:02 | Create | Villager (Male) |
| 5:29 | Build | House |
| 5:43 | Create | Villager (Male) |
| 5:49 | Create | Fishing Ship |
| 6:08 | Build | Lumber Camp |
| 6:17 | Create | Villager (Male) |
| 6:29 | Create | Fishing Ship |
| 6:33 | Create | Villager (Male) |
| 6:47 | Build | House |
| 6:55 | Create | Villager (Male) |
| 7:10 | Create | Villager (Male) |
| 7:13 | Build | Palisade Wall |
| 7:14 | Build | Palisade Wall |
| 7:15 | Build | Palisade Wall |
| 7:18 | Build | Palisade Wall |
| 7:25 | Create | Fishing Ship |
| 7:30 | Create | Villager (Male) |
| 7:40 | Build | Palisade Wall |
| 7:49 | Build | Palisade Wall |
| 7:56 | Create | Villager (Male) |
| 8:00 | Build | Palisade Wall |
| 8:03 | Build | Palisade Wall |
| 8:05 | Create | Fishing Ship |
| 8:09 | Build | House |
| 8:21 | Build | Palisade Wall |
| 8:26 | Create | Villager (Male) |
| 8:50 | Create | Fishing Ship |
| 8:52 | Create | Villager (Male) |
| 8:56 | Build | House |
| 9:29 | Research | Feudal Age |
| 9:42 | Build | Mining Camp |
| 9:44 | Create | Fishing Ship |
| 10:23 | Build | Mill |
| 11:47 | Age | Feudal Age |
| 11:49 | Build | Blacksmith |
| 11:50 | Create | Villager (Male) |
| 11:55 | Build | Market |
| 12:22 | Create | Villager (Male) |
| 12:25 | Build | Fish Trap |
| 12:39 | Research | Castle Age |
| 12:46 | Research | Double-Bit Axe |
| 13:00 | Build | House |
| 13:04 | Build | Fish Trap |
| 13:18 | Build | Fish Trap |
| 13:28 | Create | Villager (Male) |
| 13:39 | Build | Fish Trap |
| 13:58 | Build | Fish Trap |
| 14:05 | Build | Fish Trap |
| 14:26 | Research | Tech 906 |
| 15:06 | Create | Villager (Male) |
| 15:12 | Build | House |
| 15:15 | Create | Fishing Ship |
| 15:27 | Age | Castle Age |
| 15:29 | Build | Siege Workshop |
| 15:29 | Research | Bow Saw |
| 15:32 | Research | Gillnets |
| 15:51 | Create | Villager (Male) |
| 16:00 | Build | Fish Trap |
| 16:22 | Create | Mangonel |
| 16:31 | Build | Town Center |
| 16:46 | Build | House |
| 16:47 | Create | Villager (Male) |
| 16:49 | Create | Fishing Ship |
| 16:57 | Build | Dock |
| 17:00 | Create | Villager (Male) |
| 17:22 | Create | Villager (Male) |
| 17:25 | Create | Mangonel |
| 17:29 | Create | Fishing Ship |
| 17:36 | Build | House |
| 17:37 | Create | Villager (Male) |
| 17:43 | Build | Fish Trap |
| 17:48 | Create | Villager (Male) |
| 17:50 | Create | Villager (Male) |
| 17:58 | Create | Villager (Male) |
| 18:02 | Create | Villager (Male) |
| 18:04 | Build | Town Center |
| 18:12 | Build | Barracks |
| 18:12 | Create | Villager (Male) |
| 18:15 | Create | Villager (Male) |
| 18:21 | Create | Fishing Ship |
| 18:28 | Build | Fish Trap |
| 18:29 | Create | Villager (Male) |
| 18:39 | Create | Fishing Ship |
| 18:44 | Build | House |
| 18:46 | Create | Villager (Male) |
| 18:54 | Create | Fishing Ship |
| 19:03 | Build | Dock |
| 19:04 | Create | Villager (Male) |
| 19:06 | Create | Spearman |
| 19:10 | Create | Villager (Male) |
| 19:12 | Build | Fish Trap |
| 19:14 | Create | Villager (Male) |
| 19:16 | Build | House |
| 19:17 | Create | Spearman |
| 19:20 | Create | Spearman |
| 19:20 | Create | Spearman |
| 19:35 | Build | Fish Trap |
| 19:36 | Create | Fishing Ship |
| 19:46 | Build | Fish Trap |
| 19:55 | Create | Spearman |
| 19:57 | Build | House |
| 20:15 | Create | Spearman |
| 20:21 | Create | Spearman |
| 20:21 | Create | Spearman |
| 20:24 | Create | Spearman |
| 20:25 | Create | Spearman |
| 20:27 | Create | Villager (Male) |
| 20:30 | Create | Fishing Ship |
| 20:30 | Create | Fishing Ship |
| 20:30 | Create | Fishing Ship |
| 20:34 | Build | Dock |
| 20:34 | Create | Fishing Ship |
| 20:36 | Build | Fish Trap |
| 20:47 | Create | Spearman |
| 21:01 | Create | Mangonel |
| 21:15 | Create | Fishing Ship |
| 21:15 | Create | Fishing Ship |
| 21:18 | Build | Fish Trap |
| 21:22 | Create | Villager (Male) |
| 21:24 | Create | Villager (Male) |
| 21:30 | Build | Fish Trap |
| 21:31 | Create | Villager (Male) |
| 21:49 | Create | Villager (Male) |
| 21:50 | Create | Fishing Ship |
| 21:50 | Create | Fishing Ship |
| 21:51 | Create | Villager (Male) |
| 22:05 | Create | Villager (Male) |
| 22:13 | Create | Villager (Male) |
| 22:34 | Create | Spearman |
| 22:42 | Create | Villager (Male) |
Build order — OS+ | NeoZz
First 150 of 587 actions detected
| 0:00 | Create | Villager (Male) |
| 0:00 | Create | Villager (Male) |
| 0:00 | Create | Villager (Male) |
| 0:01 | Create | Villager (Male) |
| 0:02 | Build | House |
| 0:03 | Build | House |
| 1:30 | Create | Villager (Male) |
| 1:53 | Build | Palisade Gate |
| 2:01 | Build | Palisade Wall |
| 2:01 | Build | Palisade Wall |
| 2:02 | Build | Palisade Wall |
| 2:07 | Create | Villager (Male) |
| 2:16 | Build | Palisade Wall |
| 2:23 | Create | Villager (Male) |
| 2:24 | Build | House |
| 2:44 | Create | Villager (Male) |
| 3:21 | Create | Villager (Male) |
| 3:36 | Build | Lumber Camp |
| 3:42 | Create | Villager (Male) |
| 3:51 | Build | House |
| 4:12 | Create | Villager (Male) |
| 4:12 | Create | Villager (Male) |
| 4:12 | Create | Villager (Male) |
| 4:32 | Create | Villager (Male) |
| 4:32 | Create | Villager (Male) |
| 5:08 | Build | Palisade Wall |
| 5:23 | Build | Palisade Wall |
| 5:31 | Build | House |
| 5:39 | Create | Villager (Male) |
| 6:06 | Create | Villager (Male) |
| 6:06 | Research | Loom |
| 6:10 | Build | Mining Camp |
| 7:09 | Research | Feudal Age |
| 7:09 | Research | Feudal Age |
| 7:15 | Build | House |
| 7:50 | Build | Palisade Wall |
| 7:52 | Build | Palisade Wall |
| 7:57 | Build | Barracks |
| 8:24 | Build | House |
| 8:26 | Build | House |
| 8:32 | Build | House |
| 8:37 | Create | Militia |
| 8:38 | Create | Militia |
| 8:38 | Create | Militia |
| 8:40 | Build | House |
| 8:48 | Create | Villager (Male) |
| 8:51 | Create | Militia |
| 9:18 | Create | Militia |
| 9:19 | Age | Feudal Age |
| 9:23 | Build | Watch Tower |
| 9:27 | Research | Man-at-Arms (upgrade) |
| 9:30 | Create | Villager (Male) |
| 9:43 | Build | Archery Range |
| 9:50 | Create | Villager (Male) |
| 10:24 | Create | Villager (Male) |
| 10:48 | Create | Villager (Male) |
| 10:53 | Build | Mining Camp |
| 11:00 | Create | Archer |
| 11:00 | Create | Archer |
| 11:01 | Create | Villager (Male) |
| 11:09 | Research | Double-Bit Axe |
| 11:17 | Create | Villager (Male) |
| 11:18 | Research | Arson |
| 11:20 | Create | Archer |
| 11:37 | Create | Villager (Male) |
| 11:49 | Research | Double-Bit Axe |
| 11:53 | Build | Mill |
| 12:01 | Create | Archer |
| 12:05 | Create | Villager (Male) |
| 12:09 | Build | House |
| 12:35 | Create | Villager (Male) |
| 12:49 | Create | Archer |
| 12:52 | Create | Villager (Male) |
| 12:56 | Build | Blacksmith |
| 12:57 | Create | Villager (Male) |
| 13:28 | Build | House |
| 13:30 | Build | House |
| 13:31 | Create | Archer |
| 13:39 | Create | Villager (Male) |
| 13:41 | Create | Villager (Male) |
| 13:51 | Build | Stone Wall |
| 13:52 | Create | Archer |
| 13:58 | Build | Stone Wall |
| 14:01 | Build | House |
| 14:08 | Research | Fletching |
| 14:16 | Create | Villager (Male) |
| 14:30 | Build | House |
| 14:31 | Create | Archer |
| 14:37 | Create | Archer |
| 14:43 | Create | Villager (Male) |
| 14:44 | Create | Villager (Male) |
| 14:44 | Create | Villager (Male) |
| 14:54 | Build | House |
| 15:07 | Create | Villager (Male) |
| 15:11 | Build | Market |
| 15:14 | Build | Palisade Wall |
| 15:15 | Build | Palisade Wall |
| 15:16 | Build | Palisade Wall |
| 15:20 | Build | Palisade Wall |
| 15:22 | Build | House |
| 15:35 | Create | Villager (Male) |
| 15:37 | Create | Villager (Male) |
| 15:38 | Create | Villager (Male) |
| 15:54 | Build | Gate |
| 16:15 | Build | Palisade Wall |
| 16:27 | Build | Outpost |
| 16:38 | Create | Villager (Male) |
| 16:49 | Build | Outpost |
| 16:52 | Research | Town Watch |
| 16:56 | Build | Outpost |
| 17:04 | Create | Trade Cart |
| 17:07 | Create | Trade Cart |
| 17:17 | Create | Villager (Male) |
| 17:39 | Create | Villager (Male) |
| 17:41 | Build | House |
| 17:42 | Build | House |
| 17:46 | Build | House |
| 18:04 | Create | Villager (Male) |
| 18:08 | Build | Lumber Camp |
| 18:10 | Create | Trade Cart |
| 18:29 | Research | Castle Age |
| 18:29 | Research | Castle Age |
| 18:47 | Research | Horse Collar |
| 18:49 | Build | Farm |
| 18:51 | Build | Farm |
| 18:53 | Build | Farm |
| 18:55 | Build | Farm |
| 18:58 | Build | Farm |
| 19:02 | Build | Farm |
| 19:07 | Research | Gold Mining |
| 19:11 | Build | Farm |
| 19:13 | Build | Farm |
| 19:28 | Build | Farm |
| 19:33 | Create | Villager (Male) |
| 19:52 | Build | Farm |
| 20:56 | Create | Villager (Male) |
| 21:12 | Age | Castle Age |
| 21:22 | Build | Siege Workshop |
| 21:33 | Create | Villager (Male) |
| 21:53 | Build | Monastery |
| 22:08 | Build | Gate |
| 22:10 | Build | Gate |
| 22:28 | Build | Town Center |
| 22:39 | Research | Imperial Age |
| 22:49 | Build | Mining Camp |
| 22:54 | Create | Villager (Male) |
| 23:06 | Build | Stone Wall |
| 23:14 | Research | Bodkin Arrow |
| 23:22 | Create | Villager (Male) |
| 23:38 | Create | Villager (Male) |
Build order — Oni.JorDan_AoE
First 150 of 541 actions detected
| 0:01 | Create | Villager (Male) |
| 0:01 | Create | Villager (Male) |
| 0:01 | Create | Villager (Male) |
| 0:01 | Create | Villager (Male) |
| 0:02 | Build | House |
| 0:03 | Build | House |
| 1:25 | Create | Villager (Male) |
| 1:25 | Create | Villager (Male) |
| 1:25 | Create | Villager (Male) |
| 1:53 | Build | Lumber Camp |
| 1:58 | Create | Villager (Male) |
| 1:58 | Create | Villager (Male) |
| 2:09 | Create | Villager (Male) |
| 2:09 | Create | Villager (Male) |
| 2:42 | Create | Villager (Male) |
| 2:57 | Create | Villager (Male) |
| 2:57 | Create | Villager (Male) |
| 3:32 | Create | Villager (Male) |
| 3:32 | Create | Villager (Male) |
| 3:32 | Create | Villager (Male) |
| 3:35 | Build | House |
| 4:06 | Create | Villager (Male) |
| 4:10 | Build | Palisade Wall |
| 4:19 | Build | Palisade Wall |
| 4:30 | Create | Villager (Male) |
| 4:30 | Create | Villager (Male) |
| 4:42 | Build | Dock |
| 4:49 | Build | Palisade Wall |
| 4:53 | Create | Villager (Male) |
| 5:19 | Create | Fishing Ship |
| 5:19 | Create | Fishing Ship |
| 5:19 | Create | Fishing Ship |
| 5:19 | Create | Fishing Ship |
| 5:19 | Create | Fishing Ship |
| 5:23 | Create | Villager (Male) |
| 5:23 | Create | Villager (Male) |
| 5:33 | Build | House |
| 5:40 | Create | Villager (Male) |
| 5:40 | Create | Villager (Male) |
| 5:51 | Create | Fishing Ship |
| 6:14 | Build | Palisade Wall |
| 6:15 | Build | Palisade Wall |
| 6:18 | Build | Palisade Wall |
| 6:19 | Build | Palisade Wall |
| 6:28 | Create | Villager (Male) |
| 6:28 | Create | Villager (Male) |
| 6:29 | Create | Villager (Male) |
| 6:29 | Create | Villager (Male) |
| 6:35 | Create | Fishing Ship |
| 6:45 | Build | House |
| 7:08 | Create | Villager (Male) |
| 7:08 | Create | Villager (Male) |
| 7:09 | Build | Lumber Camp |
| 7:28 | Create | Fishing Ship |
| 7:28 | Create | Fishing Ship |
| 7:28 | Create | Fishing Ship |
| 7:32 | Create | Villager (Male) |
| 7:40 | Create | Villager (Male) |
| 7:40 | Create | Villager (Male) |
| 7:55 | Create | Villager (Male) |
| 8:07 | Create | Fishing Ship |
| 8:12 | Build | House |
| 8:40 | Create | Fishing Ship |
| 8:42 | Build | Mining Camp |
| 8:46 | Build | Mining Camp |
| 8:57 | Create | Villager (Male) |
| 9:03 | Create | Fishing Ship |
| 9:27 | Research | Feudal Age |
| 9:47 | Create | Fishing Ship |
| 10:20 | Build | House |
| 10:21 | Build | House |
| 10:30 | Build | Dock |
| 10:40 | Build | Mill |
| 10:46 | Create | Villager (Male) |
| 10:50 | Create | Fishing Ship |
| 10:58 | Build | Dock |
| 11:37 | Age | Feudal Age |
| 11:40 | Build | Fish Trap |
| 11:43 | Create | Villager (Male) |
| 11:46 | Build | Market |
| 11:51 | Research | Double-Bit Axe |
| 11:59 | Research | Tech 906 |
| 12:12 | Create | Villager (Male) |
| 12:13 | Create | Villager (Male) |
| 12:14 | Create | Villager (Male) |
| 12:14 | Create | Villager (Male) |
| 12:15 | Create | Villager (Male) |
| 12:22 | Build | Fish Trap |
| 12:29 | Create | Villager (Male) |
| 12:32 | Research | Gold Mining |
| 12:47 | Create | Fishing Ship |
| 13:05 | Build | Fish Trap |
| 13:16 | Build | Fish Trap |
| 13:22 | Build | Fish Trap |
| 13:44 | Build | Blacksmith |
| 14:08 | Create | Villager (Male) |
| 14:10 | Build | Fish Trap |
| 14:18 | Build | Fish Trap |
| 14:31 | Create | Fishing Ship |
| 14:36 | Build | Fish Trap |
| 14:52 | Build | Fish Trap |
| 14:57 | Research | Castle Age |
| 15:05 | Create | Fishing Ship |
| 15:13 | Build | House |
| 15:25 | Create | Fishing Ship |
| 15:44 | Create | Fishing Ship |
| 15:48 | Build | Fish Trap |
| 15:59 | Create | Villager (Male) |
| 16:01 | Create | Fishing Ship |
| 16:14 | Build | Fish Trap |
| 16:18 | Create | Villager (Male) |
| 16:35 | Create | Fishing Ship |
| 16:37 | Build | Fish Trap |
| 16:42 | Build | House |
| 17:04 | Build | House |
| 17:08 | Build | Fish Trap |
| 17:21 | Build | Palisade Wall |
| 17:22 | Build | Palisade Wall |
| 17:25 | Build | Palisade Wall |
| 17:26 | Build | Palisade Wall |
| 17:37 | Age | Castle Age |
| 17:38 | Build | Town Center |
| 17:43 | Research | Gillnets |
| 18:01 | Create | Villager (Male) |
| 18:03 | Research | Bow Saw |
| 18:23 | Build | Fish Trap |
| 18:36 | Create | Villager (Male) |
| 18:46 | Create | Villager (Male) |
| 18:49 | Create | Villager (Male) |
| 18:50 | Build | House |
| 18:52 | Create | Fishing Ship |
| 18:56 | Build | Siege Workshop |
| 19:08 | Create | Villager (Male) |
| 19:10 | Create | Villager (Male) |
| 19:17 | Build | University |
| 19:21 | Create | Villager (Male) |
| 19:31 | Create | Fishing Ship |
| 19:41 | Build | Fish Trap |
| 19:51 | Create | Villager (Male) |
| 19:58 | Create | Fishing Ship |
| 20:17 | Research | Imperial Age |
| 20:25 | Build | Fish Trap |
| 20:27 | Build | House |
| 20:27 | Build | House |
| 20:32 | Build | Barracks |
| 20:36 | Build | Siege Workshop |
| 20:45 | Build | Fish Trap |
| 20:47 | Create | Villager (Male) |
| 20:48 | Create | Villager (Male) |
| 20:51 | Research | Loom |
Build order — El Kronotatabautizador Final
First 150 of 754 actions detected
| 0:05 | Create | Villager (Male) ×4 |
| 0:05 | Create | Villager (Male) ×4 |
| 0:06 | Build | House |
| 0:08 | Build | House |
| 1:33 | Create | Villager (Male) |
| 1:34 | Create | Villager (Male) |
| 2:08 | Create | Villager (Male) |
| 2:08 | Create | Villager (Male) |
| 2:12 | Build | Lumber Camp |
| 2:21 | Create | Villager (Male) |
| 2:51 | Create | Villager (Male) |
| 2:51 | Create | Villager (Male) |
| 3:07 | Create | Villager (Male) |
| 3:08 | Create | Villager (Male) |
| 3:38 | Create | Villager (Male) |
| 3:38 | Create | Villager (Male) |
| 4:01 | Build | House |
| 4:11 | Create | Villager (Male) |
| 4:12 | Create | Villager (Male) |
| 4:38 | Create | Villager (Male) |
| 4:38 | Create | Villager (Male) |
| 5:06 | Build | Dock |
| 5:18 | Create | Villager (Male) |
| 5:31 | Build | Dock |
| 5:43 | Create | Villager (Male) |
| 5:48 | Build | House |
| 6:08 | Create | Villager (Male) |
| 6:19 | Create | Fishing Ship |
| 6:31 | Create | Villager (Male) |
| 6:46 | Create | Villager (Male) |
| 6:48 | Create | Fishing Ship |
| 7:02 | Create | Villager (Male) |
| 7:24 | Create | Fishing Ship |
| 7:28 | Build | House |
| 8:00 | Create | Villager (Male) |
| 8:01 | Create | Fishing Ship |
| 8:08 | Create | Villager (Male) |
| 8:26 | Build | Mill |
| 8:34 | Build | House |
| 8:36 | Create | Villager (Male) |
| 8:49 | Create | Fishing Ship |
| 9:01 | Create | Villager (Male) |
| 9:20 | Build | Mining Camp |
| 9:36 | Research | Feudal Age |
| 9:36 | Research | Feudal Age |
| 10:06 | Build | Palisade Wall |
| 10:14 | Create | Fishing Ship |
| 10:21 | Build | Dock |
| 10:52 | Build | Palisade Wall |
| 11:00 | Build | Palisade Wall |
| 11:05 | Create | Fishing Ship |
| 11:07 | Create | Fishing Ship |
| 11:21 | Build | House |
| 11:32 | Create | Villager (Male) |
| 11:32 | Create | Villager (Male) |
| 11:50 | Age | Feudal Age |
| 12:00 | Build | Stone Wall |
| 12:09 | Create | Villager (Male) |
| 12:14 | Build | House |
| 12:16 | Research | Loom |
| 12:30 | Create | Villager (Male) |
| 12:33 | Build | Market |
| 12:40 | Build | Blacksmith |
| 12:48 | Create | Villager (Male) |
| 13:00 | Build | House |
| 13:03 | Build | Fish Trap |
| 13:08 | Build | Fish Trap |
| 13:17 | Build | Watch Tower |
| 13:28 | Build | House |
| 13:29 | Create | Villager (Male) |
| 13:32 | Create | Fishing Ship |
| 13:33 | Create | Fishing Ship |
| 13:50 | Build | Lumber Camp |
| 13:50 | Create | Villager (Male) |
| 14:05 | Build | Fish Trap |
| 14:08 | Create | Villager (Male) |
| 14:27 | Create | Villager (Male) |
| 14:38 | Build | Fish Trap |
| 14:52 | Build | Fish Trap |
| 14:58 | Create | Villager (Male) |
| 15:22 | Build | Dock |
| 15:26 | Build | Dock |
| 15:28 | Create | Villager (Male) |
| 15:59 | Research | Castle Age |
| 16:15 | Create | Fishing Ship |
| 16:17 | Create | Fishing Ship |
| 16:18 | Create | Fishing Ship |
| 16:36 | Create | Fishing Ship |
| 16:43 | Research | Double-Bit Axe |
| 16:43 | Research | Double-Bit Axe |
| 16:57 | Research | Tech 906 |
| 17:07 | Build | House |
| 17:11 | Build | Fish Trap |
| 17:25 | Build | Fish Trap |
| 17:27 | Create | Villager (Male) |
| 17:51 | Build | Fish Trap |
| 18:00 | Build | Fish Trap |
| 18:42 | Age | Castle Age |
| 18:46 | Build | Monastery |
| 18:49 | Build | Monastery |
| 18:52 | Build | Fish Trap |
| 19:00 | Create | Villager (Male) |
| 19:05 | Build | Fish Trap |
| 19:14 | Create | Villager (Male) |
| 19:17 | Build | Fish Trap |
| 19:30 | Research | Redemption |
| 19:31 | Research | Redemption |
| 19:40 | Build | Siege Workshop |
| 19:42 | Create | Monk |
| 19:43 | Create | Villager (Male) |
| 19:52 | Research | Bow Saw |
| 19:52 | Research | Bow Saw |
| 20:18 | Create | Monk |
| 20:37 | Create | Monk |
| 20:43 | Build | House |
| 20:47 | Create | Villager (Male) |
| 20:51 | Build | Barracks |
| 21:01 | Create | Villager (Male) |
| 21:03 | Research | Town Watch |
| 21:05 | Create | Monk |
| 21:06 | Create | Monk |
| 21:34 | Create | Mangonel |
| 21:37 | Create | Villager (Male) |
| 21:39 | Build | House |
| 21:40 | Build | House |
| 21:42 | Build | Monastery |
| 21:43 | Build | Monastery |
| 21:57 | Create | Villager (Male) |
| 22:18 | Create | Villager (Male) |
| 22:24 | Create | Monk |
| 23:05 | Create | Fishing Ship |
| 23:05 | Create | Fishing Ship |
| 23:05 | Create | Fishing Ship |
| 23:06 | Create | Fishing Ship |
| 23:08 | Create | Fishing Ship |
| 23:09 | Create | Fishing Ship |
| 23:14 | Build | Mining Camp |
| 23:16 | Create | Mangonel |
| 23:22 | Create | Unit 1974 |
| 23:22 | Create | Unit 1974 |
| 23:24 | Create | Villager (Male) |
| 23:26 | Build | Barracks |
| 23:36 | Build | Barracks |
| 23:39 | Create | Villager (Male) |
| 23:50 | Create | Monk |
| 23:56 | Build | Fish Trap |
| 24:01 | Build | Fish Trap |
| 24:15 | Create | Monk |
| 24:23 | Build | House |
| 24:25 | Create | Unit 1974 |
Build order — TheZero
First 150 of 1002 actions detected
| 0:00 | Create | Villager (Male) |
| 0:01 | Create | Villager (Male) |
| 0:02 | Build | House |
| 0:04 | Build | House |
| 0:20 | Create | Villager (Male) |
| 0:20 | Create | Villager (Male) |
| 0:20 | Create | Villager (Male) |
| 1:24 | Create | Villager (Male) |
| 1:54 | Build | House |
| 2:09 | Create | Villager (Male) |
| 2:14 | Create | Villager (Male) |
| 2:43 | Build | Palisade Wall |
| 3:05 | Create | Villager (Male) |
| 3:19 | Create | Villager (Male) |
| 3:27 | Build | Palisade Wall |
| 3:27 | Build | Palisade Wall |
| 3:33 | Build | Palisade Wall |
| 3:34 | Build | Palisade Wall |
| 3:35 | Build | Palisade Wall |
| 3:37 | Build | Palisade Wall |
| 3:38 | Build | Palisade Wall |
| 3:39 | Build | Palisade Wall |
| 3:45 | Build | Palisade Wall |
| 3:53 | Research | Loom |
| 3:53 | Create | Villager (Male) |
| 3:58 | Build | House |
| 4:02 | Create | Villager (Male) |
| 4:02 | Create | Villager (Male) |
| 4:13 | Build | Palisade Wall |
| 4:20 | Create | Villager (Male) |
| 4:21 | Create | Villager (Male) |
| 4:40 | Build | House |
| 4:42 | Build | House |
| 4:56 | Create | Villager (Male) |
| 5:03 | Build | Palisade Wall |
| 5:05 | Create | Villager (Male) |
| 5:16 | Build | Lumber Camp |
| 5:38 | Build | Palisade Wall |
| 5:39 | Create | Villager (Male) |
| 5:39 | Create | Villager (Male) |
| 5:50 | Create | Villager (Male) |
| 6:25 | Create | Villager (Male) |
| 6:40 | Build | Outpost |
| 7:17 | Build | Mill |
| 7:24 | Create | Villager (Male) |
| 7:52 | Build | House |
| 8:06 | Create | Villager (Male) |
| 8:09 | Build | Farm |
| 8:18 | Build | Palisade Wall |
| 8:27 | Build | Palisade Wall |
| 8:37 | Build | Mining Camp |
| 8:47 | Create | Villager (Male) |
| 9:21 | Research | Feudal Age |
| 9:21 | Research | Feudal Age |
| 10:07 | Create | Villager (Male) |
| 10:15 | Build | Palisade Wall |
| 10:44 | Build | Palisade Wall |
| 11:00 | Create | Villager (Male) |
| 11:22 | Build | Palisade Wall |
| 11:25 | Age | Feudal Age |
| 11:27 | Create | Villager (Male) |
| 11:30 | Build | Mill |
| 11:39 | Build | Market |
| 11:41 | Build | Blacksmith |
| 11:44 | Build | Palisade Wall |
| 11:45 | Create | Villager (Male) |
| 11:46 | Build | Palisade Wall |
| 11:51 | Create | Villager (Male) |
| 12:08 | Build | Stone Wall |
| 12:11 | Build | Stone Wall |
| 12:14 | Build | Stone Wall |
| 12:24 | Create | Villager (Male) |
| 12:27 | Build | Stone Wall |
| 12:32 | Build | Stone Wall |
| 12:36 | Build | Stone Wall |
| 12:39 | Create | Villager (Male) |
| 12:49 | Build | Stone Wall |
| 13:28 | Research | Castle Age |
| 13:28 | Research | Castle Age |
| 13:28 | Research | Castle Age |
| 14:19 | Research | Double-Bit Axe |
| 14:20 | Research | Double-Bit Axe |
| 14:27 | Build | Stone Wall |
| 15:00 | Research | Horse Collar |
| 15:00 | Research | Horse Collar |
| 15:42 | Create | Villager (Male) |
| 15:53 | Create | Villager (Male) |
| 15:53 | Age | Castle Age |
| 15:57 | Build | Town Center |
| 16:09 | Build | Town Center |
| 16:13 | Research | Bow Saw |
| 16:13 | Research | Bow Saw |
| 16:16 | Create | Villager (Male) |
| 16:31 | Build | Farm |
| 16:39 | Build | Farm |
| 16:41 | Build | Farm |
| 16:55 | Build | Farm |
| 16:55 | Create | Villager (Male) |
| 17:00 | Build | Farm |
| 17:08 | Build | Farm |
| 17:10 | Build | Farm |
| 17:26 | Build | Farm |
| 17:30 | Build | Farm |
| 17:32 | Build | Farm |
| 17:39 | Create | Villager (Male) |
| 17:44 | Build | Farm |
| 17:57 | Build | Farm |
| 18:00 | Create | Villager (Male) |
| 18:06 | Build | Farm |
| 18:20 | Build | House |
| 18:20 | Create | Villager (Male) |
| 18:20 | Create | Villager (Male) |
| 18:22 | Build | Farm |
| 18:24 | Build | Farm |
| 18:26 | Create | Villager (Male) |
| 18:27 | Build | Farm |
| 18:39 | Build | House |
| 18:49 | Create | Villager (Male) |
| 18:52 | Build | Farm |
| 18:53 | Create | Villager (Male) |
| 18:54 | Create | Villager (Male) |
| 18:57 | Build | House |
| 19:08 | Build | Siege Workshop |
| 19:09 | Create | Villager (Male) |
| 19:16 | Create | Villager (Male) |
| 19:16 | Create | Villager (Male) |
| 19:17 | Build | Farm |
| 19:26 | Create | Villager (Male) |
| 19:26 | Create | Villager (Male) |
| 19:34 | Create | Villager (Male) |
| 19:35 | Create | Villager (Male) |
| 19:43 | Create | Scorpion |
| 19:45 | Create | Villager (Male) |
| 19:49 | Build | Farm |
| 19:50 | Build | Farm |
| 19:51 | Create | Villager (Male) |
| 19:56 | Build | Farm |
| 19:59 | Create | Villager (Male) |
| 20:00 | Create | Villager (Male) |
| 20:07 | Create | Villager (Male) |
| 20:08 | Create | Villager (Male) |
| 20:12 | Create | Villager (Male) |
| 20:12 | Create | Villager (Male) |
| 20:24 | Create | Villager (Male) |
| 20:25 | Create | Villager (Male) |
| 20:33 | Build | Town Center |
| 20:34 | Create | Villager (Male) |
| 20:40 | Create | Villager (Male) |
| 20:41 | Create | Villager (Male) |
| 20:46 | Create | Villager (Male) |
Build order — STORM | Noszombie
First 150 of 715 actions detected
| 0:02 | Create | Villager (Male) |
| 0:02 | Create | Villager (Male) |
| 0:03 | Build | House |
| 0:04 | Build | House |
| 0:09 | Create | Villager (Male) |
| 0:09 | Create | Villager (Male) |
| 0:37 | Research | Loom |
| 0:38 | Research | Loom |
| 0:42 | Create | Villager (Male) |
| 0:42 | Create | Villager (Male) |
| 1:20 | Build | Palisade Wall |
| 1:37 | Create | Villager (Male) |
| 1:38 | Create | Villager (Male) |
| 1:57 | Build | Palisade Wall |
| 2:01 | Build | Palisade Wall |
| 2:03 | Build | Palisade Wall |
| 2:21 | Create | Villager (Male) |
| 2:30 | Build | Palisade Wall |
| 2:41 | Create | Villager (Male) |
| 2:41 | Create | Villager (Male) |
| 3:06 | Create | Villager (Male) |
| 3:06 | Create | Villager (Male) |
| 3:19 | Build | House |
| 3:27 | Create | Villager (Male) |
| 4:10 | Create | Villager (Male) |
| 4:10 | Create | Villager (Male) |
| 4:23 | Create | Villager (Male) |
| 4:23 | Create | Villager (Male) |
| 4:26 | Build | Lumber Camp |
| 4:50 | Create | Villager (Male) |
| 4:51 | Create | Villager (Male) |
| 4:51 | Create | Villager (Male) |
| 5:09 | Build | House |
| 5:14 | Create | Villager (Male) |
| 5:14 | Create | Villager (Male) |
| 5:39 | Create | Villager (Male) |
| 5:39 | Create | Villager (Male) |
| 5:53 | Build | Mill |
| 6:05 | Create | Villager (Male) |
| 6:19 | Create | Villager (Male) |
| 6:22 | Build | House |
| 6:27 | Create | Villager (Male) |
| 6:27 | Create | Villager (Male) |
| 6:34 | Create | Villager (Male) |
| 7:07 | Create | Villager (Male) |
| 7:08 | Create | Villager (Male) |
| 7:12 | Create | Villager (Male) |
| 7:15 | Create | Villager (Male) |
| 7:15 | Create | Villager (Male) |
| 7:31 | Build | Farm |
| 7:57 | Create | Villager (Male) |
| 8:18 | Create | Villager (Male) |
| 8:27 | Build | Mining Camp |
| 8:49 | Research | Feudal Age |
| 8:49 | Research | Feudal Age |
| 9:04 | Create | Villager (Male) |
| 9:04 | Create | Villager (Male) |
| 9:24 | Create | Villager (Male) |
| 10:59 | Age | Feudal Age |
| 11:02 | Build | Market |
| 11:04 | Build | Blacksmith |
| 11:06 | Build | Gate |
| 11:44 | Build | Lumber Camp |
| 11:56 | Build | Outpost |
| 12:15 | Research | Castle Age |
| 12:15 | Research | Castle Age |
| 12:16 | Research | Castle Age |
| 12:27 | Build | Mining Camp |
| 12:52 | Build | Mining Camp |
| 13:25 | Research | Double-Bit Axe |
| 13:26 | Research | Double-Bit Axe |
| 13:26 | Research | Gold Mining |
| 13:27 | Research | Gold Mining |
| 13:37 | Build | House |
| 14:01 | Create | Villager (Male) |
| 14:11 | Research | Horse Collar |
| 14:55 | Age | Castle Age |
| 14:57 | Build | Siege Workshop |
| 14:58 | Create | Villager (Male) |
| 15:05 | Build | Monastery |
| 15:07 | Create | Villager (Male) |
| 15:18 | Create | Villager (Male) |
| 15:27 | Build | House |
| 15:37 | Create | Battering Ram |
| 15:46 | Create | Monk |
| 15:53 | Create | Villager (Male) |
| 15:58 | Build | Monastery |
| 16:35 | Create | Mangonel |
| 16:35 | Create | Mangonel |
| 16:45 | Create | Monk |
| 16:54 | Create | Villager (Male) |
| 17:01 | Build | Farm |
| 17:06 | Create | Monk |
| 17:17 | Create | Monk |
| 17:19 | Build | Farm |
| 17:19 | Build | Farm |
| 17:51 | Create | Mangonel |
| 17:51 | Create | Mangonel |
| 17:59 | Create | Villager (Male) |
| 17:59 | Create | Villager (Male) |
| 18:29 | Create | Mangonel |
| 18:40 | Research | Sanctity |
| 18:40 | Research | Sanctity |
| 18:43 | Create | Villager (Male) |
| 18:43 | Create | Villager (Male) |
| 18:44 | Build | Farm |
| 19:11 | Create | Villager (Male) |
| 19:16 | Build | House |
| 19:37 | Research | Redemption |
| 19:51 | Create | Villager (Male) |
| 20:08 | Create | Monk |
| 20:08 | Create | Monk |
| 20:12 | Create | Villager (Male) |
| 20:12 | Create | Villager (Male) |
| 20:31 | Build | Farm |
| 20:31 | Build | Farm |
| 20:32 | Build | Farm |
| 20:35 | Build | Mining Camp |
| 20:55 | Create | Villager (Male) |
| 20:56 | Create | Villager (Male) |
| 21:00 | Build | House |
| 21:02 | Build | House |
| 21:17 | Build | House |
| 21:18 | Build | House |
| 21:20 | Create | Villager (Male) |
| 21:21 | Create | Villager (Male) |
| 21:29 | Build | Outpost |
| 21:41 | Create | Monk |
| 21:58 | Research | Fervor |
| 22:02 | Create | Villager (Male) |
| 22:05 | Build | Town Center |
| 22:08 | Create | Villager (Male) |
| 22:08 | Create | Villager (Male) |
| 22:25 | Create | Monk |
| 22:26 | Build | House |
| 22:32 | Build | Barracks |
| 22:33 | Create | Villager (Male) |
| 22:39 | Build | House |
| 22:49 | Build | House |
| 22:50 | Create | Villager (Male) |
| 23:15 | Research | Bow Saw |
| 23:15 | Research | Bow Saw |
| 23:23 | Create | Spearman |
| 23:41 | Build | Farm |
| 23:42 | Build | Farm |
| 23:43 | Build | Farm |
| 23:46 | Create | Villager (Male) |
| 23:46 | Create | Villager (Male) |
| 23:56 | Create | Villager (Male) |
| 23:56 | Create | Villager (Male) |
Build order — Chrisybooo
First 150 of 595 actions detected
| 0:01 | Create | Villager (Male) |
| 0:01 | Create | Villager (Male) |
| 0:02 | Build | House |
| 0:04 | Build | House |
| 0:06 | Create | Villager (Male) |
| 0:07 | Create | Villager (Male) |
| 1:02 | Research | Loom |
| 1:26 | Create | Villager (Male) |
| 2:08 | Create | Villager (Male) |
| 2:32 | Create | Villager (Male) |
| 2:54 | Build | Palisade Wall |
| 3:02 | Create | Villager (Male) |
| 3:06 | Build | Lumber Camp |
| 3:18 | Create | Villager (Male) |
| 3:40 | Build | Palisade Wall |
| 3:50 | Create | Villager (Male) |
| 3:50 | Create | Villager (Male) |
| 4:08 | Build | House |
| 4:36 | Create | Villager (Male) |
| 4:38 | Create | Villager (Male) |
| 5:12 | Build | House |
| 5:16 | Create | Villager (Male) |
| 5:33 | Create | Villager (Male) |
| 5:43 | Build | House |
| 6:04 | Create | Villager (Male) |
| 6:10 | Create | Villager (Male) |
| 6:58 | Create | Villager (Male) |
| 6:58 | Create | Villager (Male) |
| 7:16 | Build | Mill |
| 7:17 | Create | Villager (Male) |
| 7:18 | Create | Villager (Male) |
| 8:03 | Build | Mining Camp |
| 8:19 | Create | Villager (Male) |
| 8:19 | Research | Feudal Age |
| 9:38 | Create | Villager (Male) |
| 9:39 | Create | Villager (Male) |
| 9:44 | Build | House |
| 10:56 | Age | Feudal Age |
| 11:00 | Build | Market |
| 11:03 | Build | Blacksmith |
| 11:07 | Research | Double-Bit Axe |
| 11:57 | Research | Castle Age |
| 12:12 | Create | Villager (Male) |
| 12:52 | Research | Horse Collar |
| 14:37 | Age | Castle Age |
| 14:38 | Build | Town Center |
| 14:41 | Build | Town Center |
| 14:51 | Build | Town Center |
| 14:54 | Create | Villager (Male) |
| 14:55 | Create | Villager (Male) |
| 15:37 | Create | Villager (Male) |
| 15:56 | Build | Farm |
| 16:02 | Create | Villager (Male) |
| 16:02 | Create | Villager (Male) |
| 16:03 | Create | Villager (Male) |
| 16:05 | Create | Villager (Male) |
| 16:05 | Create | Villager (Male) |
| 16:06 | Create | Villager (Male) |
| 16:08 | Create | Villager (Male) |
| 16:17 | Research | Heavy Plow |
| 16:28 | Create | Villager (Male) |
| 16:33 | Create | Villager (Male) |
| 16:49 | Create | Villager (Male) |
| 16:56 | Create | Villager (Male) |
| 16:56 | Create | Villager (Male) |
| 16:58 | Build | Farm |
| 16:59 | Build | Farm |
| 17:03 | Create | Villager (Male) |
| 17:07 | Build | Farm |
| 17:08 | Build | Farm |
| 17:09 | Build | Farm |
| 17:10 | Create | Villager (Male) |
| 17:14 | Build | Stone Wall |
| 17:18 | Create | Villager (Male) |
| 17:18 | Create | Villager (Male) |
| 17:28 | Create | Villager (Male) |
| 17:30 | Build | Farm |
| 17:31 | Build | Farm |
| 17:32 | Create | Villager (Male) |
| 17:34 | Build | Farm |
| 17:39 | Create | Villager (Male) |
| 17:40 | Create | Villager (Male) |
| 17:44 | Create | Villager (Male) |
| 17:48 | Build | Farm |
| 17:50 | Create | Villager (Male) |
| 17:54 | Build | Farm |
| 17:56 | Build | Farm |
| 18:00 | Build | Stone Wall |
| 18:01 | Build | Stone Wall |
| 18:08 | Build | Farm |
| 18:12 | Build | House |
| 18:13 | Create | Villager (Male) |
| 18:16 | Build | House |
| 18:23 | Build | House |
| 18:23 | Build | House |
| 18:24 | Build | House |
| 18:26 | Create | Villager (Male) |
| 18:28 | Build | Stone Wall |
| 18:30 | Build | House |
| 18:32 | Create | Villager (Male) |
| 18:33 | Create | Villager (Male) |
| 18:35 | Build | Farm |
| 18:37 | Build | Farm |
| 18:42 | Create | Villager (Male) |
| 18:43 | Create | Villager (Male) |
| 18:44 | Build | Farm |
| 18:46 | Create | Villager (Male) |
| 18:46 | Create | Villager (Male) |
| 18:50 | Create | Villager (Male) |
| 18:54 | Create | Villager (Male) |
| 18:57 | Build | Farm |
| 19:01 | Build | Farm |
| 19:02 | Build | Farm |
| 19:04 | Create | Villager (Male) |
| 19:12 | Build | House |
| 19:13 | Build | House |
| 19:19 | Build | Farm |
| 19:19 | Create | Villager (Male) |
| 19:21 | Build | Farm |
| 19:22 | Create | Villager (Male) |
| 19:24 | Create | Villager (Male) |
| 19:25 | Create | Villager (Male) |
| 19:30 | Research | Wheelbarrow |
| 19:30 | Research | Wheelbarrow |
| 19:31 | Create | Villager (Male) |
| 19:31 | Create | Villager (Male) |
| 19:43 | Create | Villager (Male) |
| 19:49 | Create | Villager (Male) |
| 19:49 | Create | Villager (Male) |
| 19:51 | Build | Mining Camp |
| 19:52 | Create | Villager (Male) |
| 19:58 | Create | Villager (Male) |
| 20:02 | Create | Villager (Male) |
| 20:05 | Build | Farm |
| 20:05 | Create | Villager (Male) |
| 20:05 | Create | Villager (Male) |
| 20:12 | Create | Villager (Male) |
| 20:18 | Build | Stone Wall |
| 20:18 | Create | Villager (Male) |
| 20:24 | Build | Stone Wall |
| 20:25 | Build | Stone Wall |
| 20:28 | Create | Villager (Male) |
| 20:34 | Create | Villager (Male) |
| 20:37 | Build | Farm |
| 20:37 | Build | Farm |
| 20:38 | Build | Farm |
| 20:39 | Create | Villager (Male) |
| 20:42 | Create | Villager (Male) |
| 20:43 | Build | Farm |
| 20:48 | Build | Farm |
Match timeline
| 1:20 | STORM | Noszombie · wall_segment Palisade Wall x1 |
| 1:34 | I_love_huns · wall_segment Palisade Wall x6 |
| 1:56 | I_love_huns · wall_segment Palisade Wall x1 |
| 1:57 | STORM | Noszombie · wall_segment Palisade Wall x1 |
| 2:01 | I_love_huns · wall_segment Palisade Wall x1 |
| 2:01 | OS+ | NeoZz · wall_segment Palisade Wall x1 |
| 2:01 | OS+ | NeoZz · wall_segment Palisade Wall x1 |
| 2:01 | STORM | Noszombie · wall_segment Palisade Wall x1 |
| 2:02 | OS+ | NeoZz · wall_segment Palisade Wall x1 |
| 2:03 | STORM | Noszombie · wall_segment Palisade Wall x4 |
| 2:16 | OS+ | NeoZz · wall_segment Palisade Wall x1 |
| 2:30 | STORM | Noszombie · wall_segment Palisade Wall x1 |
| 2:43 | TheZero · wall_segment Palisade Wall x10 |
| 2:54 | Chrisybooo · wall_segment Palisade Wall x6 |
| 3:27 | TheZero · wall_segment Palisade Wall x1 |
| 3:27 | TheZero · wall_segment Palisade Wall x1 |
| 3:33 | TheZero · wall_segment Palisade Wall x1 |
| 3:34 | TheZero · wall_segment Palisade Wall x1 |
| 3:35 | TheZero · wall_segment Palisade Wall x1 |
| 3:37 | TheZero · wall_segment Palisade Wall x1 |
| 3:38 | TheZero · wall_segment Palisade Wall x1 |
| 3:39 | TheZero · wall_segment Palisade Wall x1 |
| 3:40 | Chrisybooo · wall_segment Palisade Wall x6 |
| 3:45 | TheZero · wall_segment Palisade Wall x8 |
| 4:10 | Oni.JorDan_AoE · wall_segment Palisade Wall x8 |
| 4:13 | TheZero · wall_segment Palisade Wall x7 |
| 4:19 | Oni.JorDan_AoE · wall_segment Palisade Wall x7 |
| 4:42 | Oni.JorDan_AoE · first_building Dock |
| 4:45 | danger_noodle42 · first_building Dock |
| 4:49 | Oni.JorDan_AoE · wall_segment Palisade Wall x8 |
| 5:03 | TheZero · wall_segment Palisade Wall x1 |
| 5:06 | El Kronotatabautizador Final · first_building Dock |
| 5:08 | OS+ | NeoZz · wall_segment Palisade Wall x10 |
| 5:23 | OS+ | NeoZz · wall_segment Palisade Wall x9 |
| 5:38 | TheZero · wall_segment Palisade Wall x10 |
| 6:14 | Oni.JorDan_AoE · wall_segment Palisade Wall x1 |
| 6:15 | Oni.JorDan_AoE · wall_segment Palisade Wall x1 |
| 6:16 | I_love_huns · first_building Dock |
| 6:18 | Oni.JorDan_AoE · wall_segment Palisade Wall x1 |
| 6:19 | Oni.JorDan_AoE · wall_segment Palisade Wall x1 |
| 7:13 | danger_noodle42 · wall_segment Palisade Wall x1 |
| 7:14 | danger_noodle42 · wall_segment Palisade Wall x1 |
| 7:15 | danger_noodle42 · wall_segment Palisade Wall x1 |
| 7:18 | danger_noodle42 · wall_segment Palisade Wall x1 |
| 7:40 | danger_noodle42 · wall_segment Palisade Wall x1 |
| 7:49 | danger_noodle42 · wall_segment Palisade Wall x1 |
| 7:50 | OS+ | NeoZz · wall_segment Palisade Wall x1 |
| 7:52 | OS+ | NeoZz · wall_segment Palisade Wall x1 |
| 7:57 | OS+ | NeoZz · first_building Barracks |
| 8:00 | danger_noodle42 · wall_segment Palisade Wall x1 |
| 8:03 | danger_noodle42 · wall_segment Palisade Wall x1 |
| 8:18 | TheZero · wall_segment Palisade Wall x4 |
| 8:21 | danger_noodle42 · wall_segment Palisade Wall x1 |
| 8:27 | TheZero · wall_segment Palisade Wall x1 |
| 9:19 | OS+ | NeoZz · age_up feudal |
| 9:43 | OS+ | NeoZz · first_building Archery Range |
| 10:06 | El Kronotatabautizador Final · wall_segment Palisade Wall x9 |
| 10:15 | TheZero · wall_segment Palisade Wall x5 |
| 10:44 | TheZero · wall_segment Palisade Wall x1 |
| 10:52 | El Kronotatabautizador Final · wall_segment Palisade Wall x7 |
| 10:56 | Chrisybooo · age_up feudal |
| 10:59 | STORM | Noszombie · age_up feudal |
| 11:00 | El Kronotatabautizador Final · wall_segment Palisade Wall x8 |
| 11:22 | TheZero · wall_segment Palisade Wall x1 |
| 11:25 | TheZero · age_up feudal |
| 11:36 | I_love_huns · age_up feudal |
| 11:37 | Oni.JorDan_AoE · age_up feudal |
| 11:44 | TheZero · wall_segment Palisade Wall x1 |
| 11:46 | TheZero · wall_segment Palisade Wall x1 |
| 11:47 | danger_noodle42 · age_up feudal |
| 11:50 | El Kronotatabautizador Final · age_up feudal |
| 12:00 | STORM | Noszombie · first_market_sell 500 stone |
| 12:00 | El Kronotatabautizador Final · wall_segment Stone Wall x6 |
| 12:05 | I_love_huns · wall_segment Stone Wall x1 |
| 12:06 | I_love_huns · wall_segment Stone Wall x1 |
| 12:08 | I_love_huns · wall_segment Stone Wall x6 |
| 12:08 | TheZero · wall_segment Stone Wall x1 |
| 12:11 | TheZero · wall_segment Stone Wall x1 |
| 12:14 | TheZero · wall_segment Stone Wall x1 |
| 12:27 | TheZero · wall_segment Stone Wall x1 |
| 12:32 | TheZero · wall_segment Stone Wall x1 |
| 12:36 | TheZero · wall_segment Stone Wall x2 |
| 12:49 | TheZero · wall_segment Stone Wall x1 |
| 13:10 | TheZero · first_market_sell 100 wood |
| 13:11 | TheZero · first_market_buy 100 food |
| 13:24 | STORM | Noszombie · first_market_buy 100 food |
| 13:51 | OS+ | NeoZz · wall_segment Stone Wall x9 |
| 13:58 | OS+ | NeoZz · wall_segment Stone Wall x7 |
| 14:04 | I_love_huns · wall_segment Stone Wall x1 |
| 14:27 | TheZero · wall_segment Stone Wall x9 |
| 14:37 | Chrisybooo · age_up castle |
| 14:45 | El Kronotatabautizador Final · first_market_buy 100 food |
| 14:47 | I_love_huns · first_market_sell 100 stone |
| 14:47 | I_love_huns · first_market_buy 100 food |
| 14:49 | Chrisybooo · first_market_buy 100 stone |
| 14:55 | STORM | Noszombie · age_up castle |
| 14:57 | STORM | Noszombie · first_building Siege Workshop |
| 15:05 | STORM | Noszombie · first_building Monastery |
| 15:08 | El Kronotatabautizador Final · first_market_sell 500 wood |
| 15:14 | OS+ | NeoZz · wall_segment Palisade Wall x1 |
| 15:15 | OS+ | NeoZz · wall_segment Palisade Wall x1 |
| 15:16 | OS+ | NeoZz · wall_segment Palisade Wall x1 |
| 15:20 | OS+ | NeoZz · wall_segment Palisade Wall x1 |
| 15:27 | danger_noodle42 · age_up castle |
| 15:29 | danger_noodle42 · first_building Siege Workshop |
| 15:53 | TheZero · age_up castle |
| 16:15 | OS+ | NeoZz · wall_segment Palisade Wall x1 |
| 16:39 | I_love_huns · wall_segment Stone Wall x6 |
| 17:14 | Chrisybooo · wall_segment Stone Wall x5 |
| 17:21 | Oni.JorDan_AoE · wall_segment Palisade Wall x1 |
| 17:22 | Oni.JorDan_AoE · wall_segment Palisade Wall x1 |
| 17:25 | Oni.JorDan_AoE · wall_segment Palisade Wall x1 |
| 17:26 | Oni.JorDan_AoE · wall_segment Palisade Wall x1 |
| 17:31 | I_love_huns · age_up castle |
| 17:31 | OS+ | NeoZz · first_market_buy 100 food |
| 17:37 | Oni.JorDan_AoE · age_up castle |
| 18:00 | Chrisybooo · wall_segment Stone Wall x1 |
| 18:01 | Chrisybooo · wall_segment Stone Wall x1 |
| 18:12 | danger_noodle42 · first_building Barracks |
| 18:28 | Chrisybooo · wall_segment Stone Wall x1 |
| 18:42 | El Kronotatabautizador Final · age_up castle |
| 18:46 | El Kronotatabautizador Final · first_building Monastery |
| 18:56 | Oni.JorDan_AoE · first_building Siege Workshop |
| 19:00 | I_love_huns · wall_segment Stone Wall x7 |
| 19:08 | TheZero · first_building Siege Workshop |
| 19:32 | I_love_huns · wall_segment Stone Wall x6 |
| 19:40 | El Kronotatabautizador Final · first_building Siege Workshop |
| 19:58 | I_love_huns · wall_segment Stone Wall x3 |
| 20:00 | I_love_huns · first_building Siege Workshop |
| 20:18 | Chrisybooo · wall_segment Stone Wall x5 |
| 20:24 | Chrisybooo · wall_segment Stone Wall x1 |
| 20:25 | Chrisybooo · wall_segment Stone Wall x1 |
| 20:32 | Oni.JorDan_AoE · first_building Barracks |
| 20:51 | El Kronotatabautizador Final · first_building Barracks |
| 21:12 | OS+ | NeoZz · age_up castle |
| 21:22 | OS+ | NeoZz · first_building Siege Workshop |
| 21:38 | TheZero · first_building Barracks |
| 21:53 | OS+ | NeoZz · first_building Monastery |
| 21:57 | Oni.JorDan_AoE · first_building Archery Range |
| 22:25 | Chrisybooo · wall_segment Palisade Wall x1 |
| 22:26 | Chrisybooo · wall_segment Palisade Wall x1 |
| 22:32 | STORM | Noszombie · first_building Barracks |
| 23:02 | I_love_huns · wall_segment Stone Wall x1 |
| 23:04 | Oni.JorDan_AoE · first_market_buy 100 stone |
| 23:06 | OS+ | NeoZz · wall_segment Stone Wall x6 |
| 23:07 | Oni.JorDan_AoE · first_building Castle |
| 23:08 | TheZero · first_building Stable |
| 23:26 | I_love_huns · first_building Castle |
| 23:27 | Oni.JorDan_AoE · age_up imperial |
| 23:47 | Oni.JorDan_AoE · first_market_sell 100 wood |
| 24:00 | I_love_huns · wall_segment Stone Wall x5 |
| 24:19 | Chrisybooo · first_building Siege Workshop |
| 24:22 | I_love_huns · wall_segment Stone Wall x10 |
| 24:35 | danger_noodle42 · first_market_sell 100 wood |
| 24:40 | I_love_huns · wall_segment Stone Wall x1 |
| 24:43 | Chrisybooo · first_building Castle |
| 24:44 | I_love_huns · wall_segment Stone Wall x6 |
| 24:55 | Chrisybooo · first_market_sell 100 food |
| 24:56 | I_love_huns · wall_segment Stone Wall x5 |
| 25:05 | I_love_huns · wall_segment Stone Wall x4 |
| 25:07 | I_love_huns · wall_segment Stone Wall x5 |
| 25:25 | I_love_huns · wall_segment Stone Wall x7 |
| 25:27 | I_love_huns · wall_segment Stone Wall x1 |
| 25:27 | Oni.JorDan_AoE · wall_segment Palisade Wall x3 |
| 25:34 | Oni.JorDan_AoE · wall_segment Stone Wall x1 |
| 25:40 | TheZero · wall_segment Stone Wall x9 |
| 25:41 | I_love_huns · wall_segment Stone Wall x2 |
| 25:47 | I_love_huns · wall_segment Stone Wall x6 |
| 25:49 | Chrisybooo · wall_segment Stone Wall x6 |
| 25:49 | OS+ | NeoZz · age_up imperial |
| 25:50 | I_love_huns · wall_segment Stone Wall x3 |
| 25:53 | I_love_huns · wall_segment Stone Wall x4 |
| 25:55 | I_love_huns · wall_segment Stone Wall x5 |
| 25:58 | I_love_huns · wall_segment Stone Wall x6 |
| 26:00 | I_love_huns · wall_segment Stone Wall x1 |
| 26:22 | I_love_huns · wall_segment Stone Wall x1 |
| 26:23 | I_love_huns · wall_segment Stone Wall x1 |
| 26:24 | I_love_huns · wall_segment Stone Wall x3 |
| 26:40 | Chrisybooo · first_building Monastery |
| 26:47 | OS+ | NeoZz · first_market_sell 500 stone |
| 26:49 | I_love_huns · wall_segment Stone Wall x1 |
| 26:51 | I_love_huns · wall_segment Stone Wall x1 |
| 26:56 | TheZero · first_building Castle |
| 27:07 | I_love_huns · wall_segment Stone Wall x3 |
| 27:11 | I_love_huns · wall_segment Stone Wall x2 |
| 28:10 | Chrisybooo · age_up imperial |
| 28:28 | I_love_huns · wall_segment Stone Wall x2 |
| 28:29 | I_love_huns · wall_segment Stone Wall x3 |
| 28:30 | danger_noodle42 · first_building Monastery |
| 28:35 | I_love_huns · wall_segment Stone Wall x6 |
| 28:39 | I_love_huns · wall_segment Stone Wall x1 |
| 28:47 | danger_noodle42 · first_building Castle |
| 28:51 | I_love_huns · wall_segment Stone Wall x10 |
| 28:54 | I_love_huns · wall_segment Stone Wall x1 |
| 28:55 | I_love_huns · wall_segment Stone Wall x5 |
| 28:58 | I_love_huns · wall_segment Stone Wall x14 |
| 28:59 | I_love_huns · wall_segment Stone Wall x5 |
| 29:19 | I_love_huns · wall_segment Stone Wall x8 |
| 29:36 | I_love_huns · wall_segment Stone Wall x3 |
| 29:43 | STORM | Noszombie · wall_segment Palisade Wall x1 |
| 29:46 | I_love_huns · wall_segment Stone Wall x1 |
| 29:46 | STORM | Noszombie · wall_segment Stone Wall x1 |
| 29:47 | Oni.JorDan_AoE · wall_segment Stone Wall x8 |
| 29:48 | STORM | Noszombie · wall_segment Palisade Wall x1 |
| 29:52 | I_love_huns · wall_segment Stone Wall x5 |
| 29:52 | STORM | Noszombie · wall_segment Palisade Wall x1 |
| 30:04 | danger_noodle42 · wall_segment Stone Wall x5 |
| 30:07 | danger_noodle42 · wall_segment Stone Wall x5 |
| 30:33 | danger_noodle42 · wall_segment Stone Wall x1 |
| 30:51 | danger_noodle42 · age_up imperial |
| 30:55 | STORM | Noszombie · first_building Archery Range |
| 30:56 | Chrisybooo · first_building Barracks |
| 31:02 | danger_noodle42 · first_market_buy 100 wood |
| 31:22 | STORM | Noszombie · first_building Stable |
| 31:26 | I_love_huns · wall_segment Stone Wall x1 |
| 31:27 | I_love_huns · wall_segment Stone Wall x1 |
| 31:50 | I_love_huns · wall_segment Stone Wall x2 |
| 31:59 | I_love_huns · wall_segment Stone Wall x1 |
| 32:04 | OS+ | NeoZz · wall_segment Stone Wall x1 |
| 32:56 | I_love_huns · first_building Monastery |
| 32:59 | Chrisybooo · first_building Stable |
| 33:01 | Chrisybooo · first_building Archery Range |
| 33:04 | OS+ | NeoZz · wall_segment Stone Wall x6 |
| 33:26 | TheZero · first_building Archery Range |
| 33:32 | STORM | Noszombie · first_building Castle |
| 33:40 | OS+ | NeoZz · wall_segment Stone Wall x1 |
| 33:45 | TheZero · age_up imperial |
| 34:11 | STORM | Noszombie · age_up imperial |
| 34:16 | danger_noodle42 · tribute_sent a jugador 2 |
| 34:16 | danger_noodle42 · tribute_sent a jugador 3 |
| 34:16 | danger_noodle42 · tribute_sent a jugador 4 |
| 34:16 | danger_noodle42 · tribute_sent a jugador 5 |
| 34:16 | danger_noodle42 · tribute_sent a jugador 6 |
| 34:16 | danger_noodle42 · tribute_sent a jugador 7 |
| 34:16 | danger_noodle42 · tribute_sent a jugador 8 |
| 34:53 | OS+ | NeoZz · wall_segment Stone Wall x1 |
| 34:53 | OS+ | NeoZz · wall_segment Stone Wall x1 |
| 34:54 | OS+ | NeoZz · wall_segment Stone Wall x1 |
| 35:21 | OS+ | NeoZz · wall_segment Stone Wall x4 |
| 35:38 | OS+ | NeoZz · wall_segment Stone Wall x1 |
| 35:38 | Oni.JorDan_AoE · wall_segment Stone Wall x4 |
| 35:39 | OS+ | NeoZz · wall_segment Stone Wall x1 |
| 35:47 | Oni.JorDan_AoE · wall_segment Stone Wall x7 |
| 35:57 | OS+ | NeoZz · wall_segment Stone Wall x1 |
| 38:14 | Chrisybooo · tribute_sent a jugador 1 |
| 38:14 | Chrisybooo · tribute_sent a jugador 2 |
| 38:14 | Chrisybooo · tribute_sent a jugador 3 |
| 38:14 | Chrisybooo · tribute_sent a jugador 4 |
| 38:14 | Chrisybooo · tribute_sent a jugador 5 |
| 38:14 | Chrisybooo · tribute_sent a jugador 6 |
| 38:14 | Chrisybooo · tribute_sent a jugador 7 |
| 39:03 | El Kronotatabautizador Final · wall_segment Stone Wall x7 |
| 39:15 | El Kronotatabautizador Final · age_up imperial |
| 39:17 | I_love_huns · first_building Barracks |
| 39:33 | danger_noodle42 · wall_segment Stone Wall x1 |
| 39:34 | danger_noodle42 · wall_segment Stone Wall x1 |
| 40:01 | El Kronotatabautizador Final · wall_segment Stone Wall x8 |
| 40:08 | OS+ | NeoZz · wall_segment Stone Wall x4 |
| 40:21 | OS+ | NeoZz · wall_segment Stone Wall x2 |
| 40:33 | El Kronotatabautizador Final · wall_segment Stone Wall x7 |
| 40:40 | danger_noodle42 · wall_segment Stone Wall x8 |
| 41:02 | El Kronotatabautizador Final · wall_segment Stone Wall x10 |
| 41:40 | Chrisybooo · tribute_sent a jugador 1 |
| 41:40 | Chrisybooo · tribute_sent a jugador 2 |
| 41:40 | Chrisybooo · tribute_sent a jugador 3 |
| 41:40 | Chrisybooo · tribute_sent a jugador 4 |
| 41:40 | Chrisybooo · tribute_sent a jugador 5 |
| 41:40 | Chrisybooo · tribute_sent a jugador 6 |
| 41:40 | Chrisybooo · tribute_sent a jugador 7 |
| 41:54 | I_love_huns · wall_segment Stone Wall x17 |
| 43:11 | Chrisybooo · tribute_sent a jugador 1 |
| 43:11 | Chrisybooo · tribute_sent a jugador 2 |
| 43:11 | Chrisybooo · tribute_sent a jugador 3 |
| 43:11 | Chrisybooo · tribute_sent a jugador 4 |
| 43:11 | Chrisybooo · tribute_sent a jugador 5 |
| 43:11 | Chrisybooo · tribute_sent a jugador 6 |
| 43:11 | Chrisybooo · tribute_sent a jugador 7 |
| 43:18 | OS+ | NeoZz · wall_segment Stone Wall x1 |
| 43:19 | OS+ | NeoZz · wall_segment Stone Wall x1 |
| 44:24 | I_love_huns · wall_segment Stone Wall x8 |
| 44:43 | I_love_huns · wall_segment Stone Wall x8 |
| 45:18 | Oni.JorDan_AoE · tribute_sent a jugador 1 |
| 45:18 | Oni.JorDan_AoE · tribute_sent a jugador 2 |
| 45:18 | Oni.JorDan_AoE · tribute_sent a jugador 3 |
| 45:18 | Oni.JorDan_AoE · tribute_sent a jugador 5 |
| 45:18 | Oni.JorDan_AoE · tribute_sent a jugador 6 |
| 45:18 | Oni.JorDan_AoE · tribute_sent a jugador 7 |
| 45:18 | Oni.JorDan_AoE · tribute_sent a jugador 8 |
| 46:32 | I_love_huns · age_up imperial |
| 47:39 | Oni.JorDan_AoE · tribute_sent a jugador 1 |
| 47:39 | Oni.JorDan_AoE · tribute_sent a jugador 2 |
| 47:39 | Oni.JorDan_AoE · tribute_sent a jugador 3 |
| 47:39 | Oni.JorDan_AoE · tribute_sent a jugador 5 |
| 47:39 | Oni.JorDan_AoE · tribute_sent a jugador 6 |
| 47:39 | Oni.JorDan_AoE · tribute_sent a jugador 7 |
| 47:39 | Oni.JorDan_AoE · tribute_sent a jugador 8 |
| 47:46 | El Kronotatabautizador Final · tribute_sent a jugador 1 |
| 47:46 | El Kronotatabautizador Final · tribute_sent a jugador 2 |
| 47:46 | El Kronotatabautizador Final · tribute_sent a jugador 3 |
| 47:46 | El Kronotatabautizador Final · tribute_sent a jugador 4 |
| 47:46 | El Kronotatabautizador Final · tribute_sent a jugador 6 |
| 47:46 | El Kronotatabautizador Final · tribute_sent a jugador 7 |
| 47:46 | El Kronotatabautizador Final · tribute_sent a jugador 8 |
| 48:24 | Oni.JorDan_AoE · tribute_sent a jugador 1 |
| 48:24 | Oni.JorDan_AoE · tribute_sent a jugador 2 |
| 48:24 | Oni.JorDan_AoE · tribute_sent a jugador 3 |
| 48:24 | Oni.JorDan_AoE · tribute_sent a jugador 5 |
| 48:24 | Oni.JorDan_AoE · tribute_sent a jugador 6 |
| 48:24 | Oni.JorDan_AoE · tribute_sent a jugador 7 |
| 48:24 | Oni.JorDan_AoE · tribute_sent a jugador 8 |
| 48:26 | El Kronotatabautizador Final · first_building Archery Range |
| 48:29 | I_love_huns · wall_segment Stone Wall x5 |
| 48:50 | I_love_huns · first_building Archery Range |
| 49:55 | OS+ | NeoZz · first_building Castle |
| 50:22 | I_love_huns · wall_segment Stone Wall x4 |
| 50:32 | Oni.JorDan_AoE · tribute_sent a jugador 1 |
| 50:32 | Oni.JorDan_AoE · tribute_sent a jugador 2 |
| 50:32 | Oni.JorDan_AoE · tribute_sent a jugador 3 |
| 50:32 | Oni.JorDan_AoE · tribute_sent a jugador 5 |
| 50:32 | Oni.JorDan_AoE · tribute_sent a jugador 6 |
| 50:32 | Oni.JorDan_AoE · tribute_sent a jugador 7 |
| 50:32 | Oni.JorDan_AoE · tribute_sent a jugador 8 |
| 50:45 | I_love_huns · first_building Stable |
| 50:56 | I_love_huns · wall_segment Stone Wall x1 |
| 51:03 | danger_noodle42 · tribute_sent a jugador 2 |
| 51:03 | danger_noodle42 · tribute_sent a jugador 3 |
| 51:03 | danger_noodle42 · tribute_sent a jugador 4 |
| 51:03 | danger_noodle42 · tribute_sent a jugador 5 |
| 51:03 | danger_noodle42 · tribute_sent a jugador 6 |
| 51:03 | danger_noodle42 · tribute_sent a jugador 7 |
| 51:03 | danger_noodle42 · tribute_sent a jugador 8 |
| 51:06 | Chrisybooo · tribute_sent a jugador 1 |
| 51:06 | Chrisybooo · tribute_sent a jugador 2 |
| 51:06 | Chrisybooo · tribute_sent a jugador 3 |
| 51:06 | Chrisybooo · tribute_sent a jugador 4 |
| 51:06 | Chrisybooo · tribute_sent a jugador 5 |
| 51:06 | Chrisybooo · tribute_sent a jugador 6 |
| 51:06 | Chrisybooo · tribute_sent a jugador 7 |
| 51:12 | Oni.JorDan_AoE · tribute_sent a jugador 1 |
| 51:12 | Oni.JorDan_AoE · tribute_sent a jugador 2 |
| 51:12 | Oni.JorDan_AoE · tribute_sent a jugador 3 |
| 51:12 | Oni.JorDan_AoE · tribute_sent a jugador 5 |
| 51:12 | Oni.JorDan_AoE · tribute_sent a jugador 6 |
| 51:12 | Oni.JorDan_AoE · tribute_sent a jugador 7 |
| 51:12 | Oni.JorDan_AoE · tribute_sent a jugador 8 |
| 51:19 | Oni.JorDan_AoE · tribute_sent a jugador 1 |
| 51:19 | Oni.JorDan_AoE · tribute_sent a jugador 2 |
| 51:19 | Oni.JorDan_AoE · tribute_sent a jugador 3 |
| 51:19 | Oni.JorDan_AoE · tribute_sent a jugador 5 |
| 51:19 | Oni.JorDan_AoE · tribute_sent a jugador 6 |
| 51:19 | Oni.JorDan_AoE · tribute_sent a jugador 7 |
| 51:19 | Oni.JorDan_AoE · tribute_sent a jugador 8 |
| 52:44 | I_love_huns · tribute_sent a jugador 1 |
| 52:44 | I_love_huns · tribute_sent a jugador 2 |
| 52:44 | I_love_huns · tribute_sent a jugador 4 |
| 52:44 | I_love_huns · tribute_sent a jugador 5 |
| 52:44 | I_love_huns · tribute_sent a jugador 6 |
| 52:44 | I_love_huns · tribute_sent a jugador 7 |
| 52:44 | I_love_huns · tribute_sent a jugador 8 |
| 53:06 | danger_noodle42 · tribute_sent a jugador 2 |
| 53:06 | danger_noodle42 · tribute_sent a jugador 3 |
| 53:06 | danger_noodle42 · tribute_sent a jugador 4 |
| 53:06 | danger_noodle42 · tribute_sent a jugador 5 |
| 53:06 | danger_noodle42 · tribute_sent a jugador 6 |
| 53:06 | danger_noodle42 · tribute_sent a jugador 7 |
| 53:06 | danger_noodle42 · tribute_sent a jugador 8 |
| 53:18 | Oni.JorDan_AoE · tribute_sent a jugador 1 |
| 53:18 | Oni.JorDan_AoE · tribute_sent a jugador 2 |
| 53:18 | Oni.JorDan_AoE · tribute_sent a jugador 3 |
| 53:18 | Oni.JorDan_AoE · tribute_sent a jugador 5 |
| 53:18 | Oni.JorDan_AoE · tribute_sent a jugador 6 |
| 53:18 | Oni.JorDan_AoE · tribute_sent a jugador 7 |
| 53:18 | Oni.JorDan_AoE · tribute_sent a jugador 8 |
| 53:42 | danger_noodle42 · tribute_sent a jugador 2 |
| 53:42 | danger_noodle42 · tribute_sent a jugador 3 |
| 53:42 | danger_noodle42 · tribute_sent a jugador 4 |
| 53:42 | danger_noodle42 · tribute_sent a jugador 5 |
| 53:42 | danger_noodle42 · tribute_sent a jugador 6 |
| 53:42 | danger_noodle42 · tribute_sent a jugador 7 |
| 53:42 | danger_noodle42 · tribute_sent a jugador 8 |
| 53:58 | OS+ | NeoZz · wall_segment Stone Wall x5 |
| 54:14 | danger_noodle42 · tribute_sent a jugador 2 |
| 54:14 | danger_noodle42 · tribute_sent a jugador 3 |
| 54:14 | danger_noodle42 · tribute_sent a jugador 4 |
| 54:14 | danger_noodle42 · tribute_sent a jugador 5 |
| 54:14 | danger_noodle42 · tribute_sent a jugador 6 |
| 54:14 | danger_noodle42 · tribute_sent a jugador 7 |
| 54:14 | danger_noodle42 · tribute_sent a jugador 8 |
| 54:33 | TheZero · wall_segment Stone Wall x13 |
| 55:14 | Oni.JorDan_AoE · resign |
[ AI ANALYSIS · 1 CREDIT ]
What really happened in this match?
Wolo.gg analyzes every decision: build order, eco, micro, common mistakes by bracket. Personalized analysis on WhatsApp or Discord in 30 seconds.
Civ guide
Burgundians
Perfil
Jugador #17519780